 Dungeon Crawl Stone Soup version 0.29.1 (webtiles) character file.

Game seed: 18400854730932589182

693 EvilAshe the Slasher (level 7, -2/38 (52) HPs)
             Began as a Human Fighter on Sept 13, 2022.
             Was an Initiate of the Shining One.
             Slain by a kobold demonologist
             ... wielding a +0 dagger
              (4 damage)
             ... on level 5 of the Dungeon.
             The game lasted 00:12:24 (6349 turns).

EvilAshe the Slasher (Human Fighter)                Turns: 6349, Time: 00:12:25

HP:   -2/38 (52)    AC: 11    Str: 18    XL:     7   Next: 96%
MP:   7/7           EV:  6    Int:  9    God:    the Shining One [......]
Gold: 357           SH:  5    Dex: 12    Spells: 6/6 levels left

rFire   . . .      SeeInvis .   a - +1 long sword
rCold   . . .      Faith    .   c - +0 buckler
rNeg    . . .      Spirit   .   j - +0 chain mail
rPois   .          Reflect  .   (no helmet)
rElec   .          Harm     .   (no cloak)
rCorr   .          Rampage  .   (no gloves)
Will    .....                   o - +1 pair of boots
Stlth   ..........              (no amulet)
HPRegen 0.12/turn               (no ring)
MPRegen 0.10/turn               (no ring)

@: glowing, very heavily drained
A: no striking features
a: Renounce Religion


You were on level 5 of the Dungeon.
You worshipped the Shining One.
The Shining One was noncommittal.
You visited 1 branch of the dungeon, and saw 6 of its levels.

You collected 357 gold pieces.

Inventory:

Hand Weapons
 a - a +1 long sword (weapon)
Missiles
 l - 30 stones (quivered)
Armour
 c - a +0 buckler (worn)
 j - a +0 chain mail (worn)
 o - a +1 pair of boots (worn)
Wands
 x - a wand of flame (21)
Scrolls
 f - 2 scrolls of identify
 g - 2 scrolls of teleportation
 p - a scroll of fog
 r - a scroll of enchant weapon
 s - a scroll of enchant armour
 t - a scroll of fear
Potions
 b - a potion of attraction {unknown}
 d - a potion of might
 e - a potion of flight {unknown}
 h - 2 potions of mutation {unknown}
 i - 3 potions of curing
 m - a potion of degeneration {unknown}
 q - 2 potions of brilliance
 w - 2 potions of lignification {unknown}


   Skills:
 + Level 3.5 Fighting
 * Level 6.7 Long Blades
 + Level 3.6 Armour
 - Level 5.0 Shields


You had 6 spell levels left.
You didn't know any spells.
Your spell library contained the following spells:

 Spells                   Type           Power      Damage    Failure   Level
 Sting                    Tmut/Pois      0%         1d3       100%        1
 Summon Small Mammal      Summ           0%         N/A       100%        1
 Poisonous Vapours        Pois/Air       0%         N/A       100%        2
 Call Canine Familiar     Summ           0%         N/A       100%        3
 Portal Projectile        Hex/Tloc       0%         N/A       100%        3
 Summon Guardian Golem    Hex/Summ       0%         N/A       100%        3
 Tukima's Dance           Hex            0%         N/A       100%        3
 Olgreb's Toxic Radiance  Pois           0%         N/A       100%        4
 Blade Hands              Tmut           0%         N/A       100%        5


Dungeon Overview and Level Annotations

Branches:
Dungeon (6/15)
 Temple: D:4-7

Altars:
Cheibriados
Dithmenos
The Shining One


Message History

You hit the kobold demonologist.
The kobold demonologist is severely wounded.
You block the kobold brigand's attack.
The kobold demonologist hits you but does no damage.
You hit the kobold demonologist but do no damage.
The kobold demonologist is severely wounded.
The kobold brigand closely misses you.
The kobold demonologist looks satisfied for a moment.
You barely miss the kobold demonologist.
The kobold demonologist is severely wounded.
The kobold brigand closely misses you.
The kobold demonologist hits you with a +0 dagger.
The kobold brigand hits you but does no damage.
The kobold demonologist hits you with a +0 dagger.
* * * LOW HITPOINT WARNING * * *
You barely miss the kobold demonologist.
The kobold demonologist is severely wounded.
The kobold demonologist hits you but does no damage.
You block the kobold brigand's attack.
You hit the kobold demonologist but do no damage.
The kobold demonologist is severely wounded.
The kobold brigand hits you but does no damage.
You block the kobold demonologist's attack.
You closely miss the kobold demonologist.
The kobold demonologist is severely wounded.
The kobold brigand hits you but does no damage.
The soul eater draws from the surrounding life force!
* * * LOW HITPOINT WARNING * * *
The kobold demonologist hits you with a +0 dagger.
* * * LOW HITPOINT WARNING * * *
You closely miss the kobold demonologist.
The kobold demonologist is severely wounded.
The kobold brigand hits you but does no damage.
The kobold demonologist hits you but does no damage.
You closely miss the kobold demonologist.
The kobold demonologist is severely wounded.
The kobold brigand hits you with a +0 club.
* * * LOW HITPOINT WARNING * * *
The kobold demonologist hits you with a +0 dagger.
You die...

*#..# **,,,**,,**,#*,*,*
#<#*,+,,
,...#**,*,*,*,,**,...,,*
#.#***,,
*#...,,,,,,,,,,,,,.....###.#
*,⌠
#..#**,,,,,*,,,,,.........#
*,,
#..*********,****$....###.#
**** #..,,,,******* *...,,*
#.# *,** #.#***,,+,_⌠*
*#*,*,**#.# *,,, #.#
*,,+,_⌠#######.#,,,..#**,**
##.##
*******#KK@K3K.#,,,(..,,,**
#.#.####**
#########,**###****,
.###...#,* *,* *,,,,,
#.#.##.#,* *,*****,,,,,
*#.###.#,* *,,,,,,,,,*,
#.###.#,* ******,,,,,,
#.....#,* *,,,*** #....##,*
*,*,*,, ##.#.#*,********
*,,,***


You could see a soul eater (summoned), a kobold demonologist, 2 kobold brigands
and a kobold.

Vanquished Creatures
  Duvessa (D:6)
  A necrophage (D:3)
  Dowan (D:6)
  A hound (D:4)
  An orc priest (D:4)
  A jelly (D:4)
  An iron imp (D:5)
  2 iguanas
  2 orc wizards
  Natasha (thrice) (D:4)
  A gnoll (D:1)
  5 adders
  An ufetubus (D:6)
  2 worms
  4 dart slugs
  12 orcs
  4 ball pythons
  6 bats
  5 endoplasms
  2 giant cockroaches (D:1)
  9 hobgoblins
  13 jackals
  9 kobolds
  3 quokkas
  2 frilled lizards
  4 goblins
  13 rats
109 creatures vanquished.

Notes
Turn   | Place    | Note
-------+----------+-------------------------------------------
     0 | D:1      | EvilAshe the Human Fighter began the quest for the Orb.
     0 | D:1      | Reached XP level 1. HP: 18/18 MP: 1/1
   145 | D:1      | Reached XP level 2. HP: 22/24 MP: 2/2
   505 | D:1      | Reached XP level 3. HP: 15/29 MP: 3/3
   687 | D:1      | Reached skill level 3 in Long Blades
  1347 | D:2      | Reached XP level 4. HP: 35/35 MP: 4/4
  1834 | D:2      | Reached skill level 4 in Long Blades
  1969 | D:3      | Reached XP level 5. HP: 41/41 MP: 5/5
  2412 | D:2      | Found a faded altar of an unknown god.
  2510 | D:3      | Found a faded altar of an unknown god.
  2514 | D:3      | Found a shadowy altar of Dithmenos.
  3551 | D:4      | Noticed an ogre
  3584 | D:3      | Reached XP level 6. HP: 33/47 MP: 6/6
  3717 | D:3      | Reached skill level 5 in Long Blades
  4019 | D:4      | Noticed Natasha
  4027 | D:4      | Killed Natasha
  4282 | D:5      | Entered Level 5 of the Dungeon
  4282 | D:5      | Noticed an ice beast
  4579 | D:4      | Noticed Natasha
  4616 | D:4      | Killed Natasha
  4617 | D:4      | Reached XP level 7. HP: 9/52 MP: 7/7
  4874 | D:4      | Noticed Natasha
  4884 | D:4      | Killed Natasha
  4919 | D:5      | Reached skill level 6 in Long Blades
  5147 | D:4      | Reached skill level 5 in Shields
  5897 | D:5      | Found a snail-covered altar of Cheibriados.
  6032 | D:6      | Found a glowing golden altar of the Shining One.
  6098 | D:6      | Noticed Dowan
  6099 | D:6      | Noticed Duvessa
  6107 | D:6      | Became a worshipper of the Shining One
  6118 | D:6      | Killed Duvessa
  6130 | D:6      | Killed Dowan
  6208 | D:6      | Identified the +0 leather armour "Zoatzo" {rElec Will+}
  6233 | D:6      | Noticed a kobold demonologist
  6235 | D:6      | Noticed a hellwing
  6335 | D:5      | Noticed a soul eater
  6349 | D:5      | Slain by a kobold demonologist

Illustrated notes

Levels and vault maps discovered:
D:1:      nzn_arrival_depleted_hourglass, layout_rooms
D:2:      layout_loops_ring, shapermc_ecumenical_altar_petra
D:3:      layout_loops_ring, nicolae_overflow_ecumenical_swirl
D:4:      layout_gridville, uniq_natasha
D:5:      layout_loops_ring, slow_altar_1, gammafunk_temple_overflow_wave,
          minmay_fountain_box, minmay_fractal_squares_5
D:6:      layout_gridville, amcnicky_altar_gilded,
          nicolae_ossuary_entry_catacombs, minivault_26, uniq_sigmund,
          uniq_duvessa

Skill      XL: |  1  2  3  4  5  6  7 |
---------------+----------------------+-----
Long Blades    | 3 4 5 6 |  6.7
Shields        | 4 5 |  5.0
Fighting       | |  3.5
Armour         | |  3.6

Action                   |  1- 3 |  4- 6 |  7- 9 || total
-------------------------+-------+-------+-------++-------
Melee: Long sword        |   128 |   281 |   121 ||   530
Throw: Stone             |       |    11 |     3 ||    14
  Use: Scroll            |       |     2 |    10 ||    12
       Potion            |       |       |     2 ||     2
Armor: Scale mail        |    69 |       |       ||    69
       Chain mail        |    15 |   212 |    98 ||   325
Dodge: Dodged            |    58 |    99 |    30 ||   187
Block: Buckler           |    27 |    85 |    39 ||   151
